 Dungeon Crawl Stone Soup version 0.30.0-29-ga12c61a403 (webtiles) character file.

Game seed: 16865236216248637291

427 cheesebisquit the Trooper (level 6, -5/90 HPs)
             Began as a Draconian Conjurer on June 10, 2023.
             Slain by Pikel
             ... wielding a +0 whip of electrocution
              (12 damage)
             ... on level 4 of the Dungeon.
             The game lasted 00:10:07 (3703 turns).

cheesebisquit the Trooper (Draconian Conjurer)      Turns: 3703, Time: 00:10:07

Health: -5/90      AC: 27    Str:  8 (9)  XL:     6   Next: 65%
Magic:  1/9        EV:  2    Int: 17 (20) God:
Gold:   123        SH:  0    Dex:  9 (10) Spells: 8/9 levels left

rFire   . . .        (no weapon)
rCold   . . .        (no shield)
rNeg    . . .        (body armour unavailable)
rPois   +            (helmet currently unavailable)
rElec   .            q - melded +1 cloak
rCorr   .            s - melded +0 pair of gloves {infuse}
SInv    .            b - melded +0 pair of boots
Will    .....        l - amulet of regeneration
Stlth   ++           d - +4 ring of protection
HPRegen 1.15/turn    (no ring)
MPRegen 0.11/turn

%: random rage (3%)
@: tree-form
A: stationary, stasis, torment immunity, boosted hp, AC +6, unfitting armour,
(cold-blooded), (big wings), berserk 1, high MP 1
a: no special abilities


You were on level 4 of the Dungeon.
You were a tree.
You visited 1 branch of the dungeon, and saw 4 of its levels.

You collected 261 gold pieces.
You spent 138 gold pieces at shops.

Inventory:

Hand Weapons
 j - a +0 hand axe
Missiles
 a - 4 curare-tipped darts
 e - 15 poisoned darts
Armour
 b - a +0 pair of boots (melded)
 q - a +1 cloak (melded)
 s - a +0 pair of gloves of infusion (melded)
Magical Staves
 o - a staff of conjuration
Jewellery
 d - a +4 ring of protection (left branch)
 l - an amulet of regeneration (around neck)
Wands
 r - a wand of paralysis (2)
Scrolls
 c - a scroll of magic mapping {unknown}
 f - 4 scrolls of identify {unknown}
 h - a scroll of brand weapon {unknown}
 i - 4 scrolls of fear {unknown}
 m - 2 scrolls of teleportation {unknown}
 n - a scroll of immolation {unknown}
 t - 2 scrolls of enchant armour {unknown}
 v - a scroll of torment {unknown}
 y - a scroll of noise {unknown}
 A - a scroll of enchant weapon {unknown}
Potions
 g - a potion of degeneration
 k - a potion of attraction {unknown}
 p - a potion of mutation
 w - a potion of lignification
 x - 2 potions of flight {unknown}
 z - a potion of brilliance {unknown}
 B - a potion of haste {unknown}


   Skills:
 + Level 7.5 Fighting
 - Level 1.7 Dodging
 - Level 1.7 Stealth
 - Level 2.0 Spellcasting
 - Level 4.0 Conjurations


You had 8 spell levels left.
You knew the following spells:

 Your Spells              Type           Power      Damage    Failure   Level
a - Magic Dart            Conj           60%        1d6       3%          1

Your spell library contained the following spells:

 Spells                   Type           Power      Damage    Failure   Level
 Searing Ray              Conj           30%        2d5       5%          2
 Dazzling Flash           Conj/Hex       16%        N/A       26%         3
 Ozocubu's Armour         Ice            1%         N/A       50%         3
 Fulminant Prism          Conj/Hex       4%         3d5       63%         4
 Iskenderun's Mystic Bla  Conj/Tloc      8%         2d4       63%         4
 Simulacrum               Ice/Necr       0%         N/A       100%        6
 Ozocubu's Refrigeration  Ice            0%         4d7       100%        7
 Polar Vortex             Ice            0%         N/A       100%        9


Dungeon Overview and Level Annotations

Branches:
Dungeon (4/15)
 Temple: D:4-7

Altars:
Gozag
Qazlal

Shops:
D:3 [

Annotations:
D:3 1 runed translucent door, Fractals's ghost, amateur HuCj
D:4 1 runed translucent door, Pikel


Innate Abilities, Weirdness & Mutations

You are a tree.
Your roots penetrate the ground, keeping you stationary.
You cannot be teleported.
You are immune to unholy pain and torment.
Your maximum health is greatly increased.
Your equipment is partially melded.
((Your plain brown scales are hard. (AC +6)))
You cannot fit into any form of body armour.
((You are cold-blooded and may be slowed by cold attacks.))
((Your large and strong wings let you fly.))
You sometimes lose your temper in combat.
You have an increased reservoir of magic. (+10% MP)


Message History

The magic dart hits Pikel but does no damage.
Pikel is heavily wounded.
The lemure completely misses you. The lemure hits you but does no damage.
Pikel hits you with a +0 whip of electrocution.
You are electrocuted!
* * * LOW HITPOINT WARNING * * *
You feel better. Pikel hits you but does no damage.
The lemure hits you but does no damage. x2; Pikel hits you but does no damage.
You feel better.
The lemure hits you but does no damage. x2
Pikel hits you but does no damage.
You feel better. Pikel hits you but does no damage.
You are electrocuted!
The lemure hits you but does no damage. x2
Pikel hits you with a +0 whip of electrocution!
* * * LOW HITPOINT WARNING * * *
You are electrocuted!
* * * LOW HITPOINT WARNING * * *
You barely miss Pikel.
Pikel is heavily wounded.
The lemure barely misses you. The lemure hits you.
* * * LOW HITPOINT WARNING * * *
Pikel hits you but does no damage.
You smack Pikel!
Pikel is heavily wounded.
Pikel hits you but does no damage.
The lemure hits you but does no damage. x2
Pikel hits you with a +0 whip of electrocution!
* * * LOW HITPOINT WARNING * * *
You smack Pikel!
Your punch misses Pikel.
Pikel is severely wounded.
The lemure hits you.
* * * LOW HITPOINT WARNING * * *
The lemure hits you but does no damage. Pikel hits you but does no damage.
You hit Pikel but do no damage.
Pikel is severely wounded.
Pikel hits you but does no damage.
The lemure hits you but does no damage. x2
Pikel hits you but does no damage.
You smack Pikel!
Pikel is almost dead.
The lemure hits you but does no damage. x2
Pikel hits you with a +0 whip of electrocution!
You die...

# #............# #### #
#............# # #............# #
# #...........## ## #
#...........# ##. # #...).......#
#.. # #...........# #.. ####
##....5K5...# #.. ...##
##....♣.#..# #.. ....##
##..)..#..## ##.. ....(##
#####.......## ###...
......#####......####..#####.....
........§..§.#########..##.....##
.....5..5##### ##...###......###
........## ###......###...## ##
........## #..........#..#####.
.........# ##...........#.##....


You could see Pikel (berserk) and 2 lemures.

Vanquished Creatures
  Grinder (D:4)
  2 lemures (D:4)
  A hound (D:4)
  2 jellies (D:4)
  Natasha (D:4)
  3 adders (D:3)
  3 gnolls (D:3)
  2 worms
  An orc (D:4)
  5 endoplasms
  6 giant cockroaches
  4 goblins
  9 hobgoblins
  2 jackals (D:4)
  3 quokkas
  4 ball pythons
  4 bats
  9 frilled lizards
  6 kobolds
  4 rats (D:1)
72 creatures vanquished.

Notes
Turn   | Place    | Note
-------+----------+-------------------------------------------
     0 | D:1      | cheesebisquit the Draconian Conjurer began the quest for
                  | the Orb.
     0 | D:1      | Reached XP level 1. HP: 14/14 MP: 3/3
    40 | D:1      | Reached skill level 1 in Fighting
   274 | D:1      | Reached XP level 2. HP: 24/24 MP: 1/5
   342 | D:1      | Reached skill level 2 in Fighting
  1393 | D:2      | Reached skill level 3 in Fighting
  1393 | D:2      | Reached XP level 3. HP: 31/31 MP: 0/6
  2023 | D:3      | Reached skill level 4 in Fighting
  2023 | D:3      | Reached XP level 4. HP: 40/40 MP: 2/7
  2250 | D:3      | Found a faded altar of an unknown god.
  2255 | D:3      | Found an opulent altar of Gozag.
  2355 | D:3      | Found Quikor's Armour Shop.
  2383 | D:3      | Bought a +0 pair of gloves of infusion for 138 gold pieces
  2447 | D:3      | Found a runed translucent door.
  2447 | D:3      | Noticed Fractals's ghost (amateur HuCj)
  2853 | D:4      | Reached skill level 5 in Fighting
  2853 | D:4      | Reached XP level 5. HP: 48/48 MP: 0/8
  2998 | D:4      | Found a stormy altar of Qazlal.
  3242 | D:4      | Noticed Grinder
  3263 | D:4      | Killed Grinder
  3264 | D:4      | Reached skill level 7 in Fighting
  3264 | D:4      | Reached XP level 6. HP: 51/60 MP: 4/9
  3402 | D:4      | Noticed Natasha
  3408 | D:4      | Killed Natasha
  3590 | D:4      | Found a runed translucent door.
  3676 | D:4      | Noticed Pikel
  3679 | D:4      | Gained mutation: Your large and strong wings let you fly.
                  | [potion of mutation]
  3679 | D:4      | Gained mutation: You sometimes lose your temper in combat.
                  | [potion of mutation]
  3679 | D:4      | Gained mutation: You have an increased reservoir of magic.
                  | (+10% MP) [potion of mutation]
  3701 | D:4      | HP: 4/90 [lemure[Pikel] (2)]
  3703 | D:4      | Slain by Pikel

Illustrated notes

Levels and vault maps discovered:
D:1:      kennysheep_arrival_forest, layout_basic, solitary_fountain
D:2:      layout_loops_cross
D:3:      layout_basic, nicolae_overflow_ecumenical_swirl, serial_shops, shop,
          gammafunk_ghost_grave, kennysheep_generic_room_9
D:4:      layout_cave_pods, nicolae_qazlal_general_emergency,
          ebering_ghost_sewer_d, grunt_ministairs_6, uniq_natasha, uniq_grinder,
          uniq_pikel

Skill      XL: |  1  2  3  4  5 |
---------------+----------------+-----
Fighting       | 1 3 4 5 7 |  7.5
Dodging        | |  1.7
Stealth        | |  1.7
Spellcasting   | |  2.0
Conjurations   | |  4.0

Action                     |  1- 3 |  4- 6 || total
---------------------------+-------+-------++-------
  Melee: Hand axe          |    34 |       ||    34
         Tailslap          |     8 |     6 ||    14
         Punch             |     1 |     2 ||     3
         Staff             |       |    38 ||    38
         Unarmed           |       |    16 ||    16
   Cast: Magic Dart        |    79 |    90 ||   169
    Use: Potion            |       |     8 ||     8
 Armour: Skin              |    16 |    62 ||    78
  Dodge: Dodged            |    20 |    30 ||    50
